 Dungeon Crawl Stone Soup version 0.17-a0-1939-ga475588 (webtiles) character file.

217 KambridgeKobold the Slasher (level 5, 0/69 HPs)
             Began as a Hill Orc Fighter on Sept 29, 2015.
             Slain by Nico3ck's ghost (2 damage)
             ... on level 3 of the Dungeon.
             The game lasted 00:09:49 (1963 turns).

KambridgeKobold the Slasher (Hill Orc Fighter)      Turns: 1963, Time: 00:09:49

Health: 0/69       AC: 22    Str: 20    XL:     5   Next: 94%
Magic:  5/5        EV:  2    Int:  8    God:
Gold:   145        SH:  0    Dex: 10    Spells: 0 memorised, 4 levels left

rFire  . . .     SeeInvis .     a - +0 long sword
rCold  . . .     Clarity  .     (armour currently unavailable)
rNeg   + + +     SustAt   .     (no shield)
rPois  +         Gourm    .     (helmet currently unavailable)
rElec  .         Spirit   .     (cloak currently unavailable)
rCorr  .         Warding  .     (gloves currently unavailable)
rMut   .         NoTele   +     (boots currently unavailable)
MR     .....                    (no amulet)
Stlth  +.........               (no ring)
                                (no ring)

@: tree-form, not resistant to hostile enchantments, very unstealthy
A: no striking features
a: no special abilities


You were on level 3 of the Dungeon.
You were hungry.
You were a tree.
You visited 1 branch of the dungeon, and saw 3 of its levels.

You collected 145 gold pieces.

Inventory:

Hand weapons
 a - a +0 long sword (weapon)
Missiles
 n - 4 silver tomahawks
 s - 3 poisoned javelins
 t - 8 tomahawks (quivered)
Armour
 b - a +0 scale mail (melded)
Magical devices
 r - a wand of confusion (48)
Scrolls
 f - 3 scrolls of recharging
 i - 3 scrolls of teleportation {unknown}
 p - a scroll of remove curse {unknown}
Potions
 d - a potion of might
 j - a potion of curing {unknown}
 k - a potion of brilliance {unknown}
 l - 2 potions of cancellation
Comestibles
 e - 2 bread rations
 m - 2 meat rations
 o - a beef jerky
 q - 5 fruits
 u - a slice of pizza


   Skills:
 - Level 4.0 Fighting
 + Level 6.0 Long Blades
 - Level 3.7 Armour
   Level 3.2 Shields


You had 4 spell levels left.
You didn't know any spells.

Dungeon Overview and Level Annotations

Branches:
Dungeon (3/15)

Altars:
Ashenzari
Yredelemnul

Annotations:
D:3 Nico3ck's ghost, average FoFi


Message History

Nico3ck's ghost is moderately damaged.
Nico3ck's ghost hits you.
* * * LOW HITPOINT WARNING * * *
You hit Nico3ck's ghost but do no damage.
Nico3ck's ghost is moderately damaged.
Nico3ck's ghost hits you.
* * * LOW HITPOINT WARNING * * *
You hit Nico3ck's ghost.
Nico3ck's ghost is moderately damaged.
Nico3ck's ghost hits you but does no damage.
You closely miss Nico3ck's ghost.
Nico3ck's ghost is moderately damaged.
Nico3ck's ghost hits you but does no damage. x2
You hit Nico3ck's ghost but do no damage.
Nico3ck's ghost is moderately damaged.
Nico3ck's ghost hits you but does no damage.
You slash Nico3ck's ghost!
Nico3ck's ghost is severely damaged.
Nico3ck's ghost hits you.
You die...

#########
........###############
#####........##.......##
# #.#.####.##......... #
###)#.####.#.....##.# #
#................# #
#.#.#.####.##..####.# #
#.#........##.♣.....#
###.###.########W######
....)...# ##'##
###.##### #...# #.....##
#.....# #......##
#.......# #........#
#.........#
...........'........W'.
#........###......###...


You could see Nico3ck's ghost.

Vanquished Creatures
  Sigmund (D:3)
  A worm (D:3)
  3 giant geckos
  7 bats
  8 giant cockroaches
  6 hobgoblins
  7 kobolds
  A quokka (D:3)
  2 ball pythons
  2 giant newts (D:2)
  7 goblins
  2 jackals (D:2)
  7 rats
54 creatures vanquished.

Notes
Turn   | Place    | Note
--------------------------------------------------------------
     0 | D:1      | KambridgeKobold the Hill Orc Fighter began the quest for the Orb.
     0 | D:1      | Reached XP level 1. HP: 19/19 MP: 1/1
    60 | D:1      | Found a shattered altar of Ashenzari.
   123 | D:1      | Reached XP level 2. HP: 27/27 MP: 2/2
   342 | D:1      | Reached skill level 4 in Fighting
   632 | D:1      | Reached XP level 3. HP: 33/33 MP: 3/3
  1010 | D:2      | Found a basalt altar of Yredelemnul.
  1437 | D:3      | Reached XP level 4. HP: 40/40 MP: 4/4
  1706 | D:3      | Noticed Sigmund
  1714 | D:3      | Killed Sigmund
  1714 | D:3      | Reached skill level 6 in Long Blades
  1714 | D:3      | Reached XP level 5. HP: 20/46 MP: 5/5
  1935 | D:3      | Noticed Nico3ck's ghost (average FoFi)
  1959 | D:3      | HP: 2/69 [Nico3ck's ghost (5)]
  1963 | D:3      | Slain by Nico3ck's ghost

Vault maps used:
D:1:      lightli_arrival_quake, ashenzari_altar_1
D:2:      first_bread, lemuel_tele_altar
D:3:      makhleb_altar_promises_db, gammafunk_temple_overflow_elements,
          uniq_sigmund, uniq_crazy_yiuf_cottage

Action                   |  1- 3 |  4- 6 || total
-------------------------+-------+-------++-------
Melee: Long sword        |   168 |    46 ||   214
  Use: Scroll            |     2 |     3 ||     5
       Potion            |       |     1 ||     1
  Eat: Chunk             |     2 |     1 ||     3
